[Event "ICC tourney 2008 (45 10)"]
[Site "Internet Chess Club"]
[Date "2020.09.19"]
[Round "3"]
[White "adinanda"]
[Black "GPWKnight"]
[Result "0-1"]
[ICCResult "White checkmated"]
[WhiteElo "1263"]
[BlackElo "1597"]
[Opening "French: Fort Knox variation"]
[ECO "C03"]
[NIC "FR.07"]
[Time "16:01:44"]
[TimeControl "2700+10"]

1. e4 e6 2. d4 d5 3. Nd2 dxe4 4. Nxe4 Bd7 5. Nf3 Bc6 6. Bd3 Nd7 7. c3 Ngf6
8. Bg5 Be7 9. Qe2 O-O 10. O-O h6 11. Bh4 Nxe4 12. Bxe7 Qxe7 13. Bxe4 Bxe4
14. Qxe4 c6 15. Rfe1 Rad8 16. Rad1 Nf6 17. Qh4 Qc7 18. Qg3 Qa5 19. a3 Qb5
20. Rd2 Qf5 21. Rde2 Qa5 22. Re5 Qc7 23. Nd2 Nd7 24. R5e3 Qb6 25. b3 Rfe8
26. a4 Nf6 27. b4 Rd5 28. a5 Qd8 29. Re4 Nxe4 30. Nxe4 e5 31. c4 Rxd4 32.
Nc5 Qc7 33. h3 Rxc4 34. Ne4 Qe7 35. Qb3 Qxb4 36. Qg3 Qxe1+ 37. Kh2 Qxe4 38.
a6 b5 39. f4 Qxf4 40. Qxf4 Rxf4 41. h4 Rxh4+ 42. Kg1 Ra4 43. Kf1 Ra2 44. Kg1
e4 45. Kf1 e3 46. Ke1 Rf2 47. g3 Rd8 48. g4 Rd4 49. g5 Ra4 50. gxh6 Ra1#
{White checkmated}
0-1

[Event "ICC tourney 2008 (45 10)"]
[Site "Internet Chess Club"]
[Date "2020.09.19"]
[Round "3"]
[White "FlowingMelody"]
[Black "Beast908"]
[Result "1/2-1/2"]
[ICCResult "Game drawn by repetition"]
[WhiteElo "1287"]
[BlackElo "1393"]
[Opening "Ruy Lopez: Steinitz defense deferred (Russian defense)"]
[ECO "C79"]
[NIC "RL.12"]
[Time "16:01:30"]
[TimeControl "2700+10"]

1. e4 e5 2. Nf3 Nc6 3. Bb5 a6 4. Ba4 Nf6 5. O-O d6 6. Re1 b5 7. Bb3 Na5 8.
Nc3 Nxb3 9. axb3 Be7 10. Nxb5 Bb7 11. Nc3 O-O 12. d4 exd4 13. Nxd4 Re8 14.
Bf4 Bf8 15. Qd3 Qe7 16. f3 Nh5 17. Be3 Nf6 18. Nf5 Qe6 19. Qe2 d5 20. Nd4
Qe5 21. exd5 Bxd5 22. Bf2 Qxe2 23. Rxe2 Rxe2 24. Ncxe2 c5 25. Nf5 Re8 26.
Nc3 Bb7 27. Re1 Rxe1+ 28. Bxe1 Nd5 29. Nxd5 Bxd5 30. Ne3 Bb7 31. Nc4 f6 32.
Kf2 Kf7 33. Ke3 Ke6 34. Bc3 Bd5 35. g4 g5 36. h3 Bxc4 37. bxc4 Bd6 38. Ke4
Bf4 39. b3 Bd6 40. Bd2 Be5 41. f4 gxf4 42. Bxf4 Bc3 43. Be3 Bb4 44. Bf4 Bc3
45. Kd3 Bd4 46. Be3 Bxe3 47. Kxe3 Ke5 48. c3 a5 49. h4 h6 50. h5 f5 51. gxf5
Kxf5 52. Kf3 Ke5 53. Ke3 Kf5 54. Kf3 Ke5 55. Ke3 Kf5 {Game drawn by
repetition} 1/2-1/2

[Event "ICC tourney 2008 (45 10)"]
[Site "Internet Chess Club"]
[Date "2020.09.19"]
[Round "3"]
[White "AkshatSuresh"]
[Black "AdityaBang"]
[Result "0-1"]
[ICCResult "White checkmated"]
[WhiteElo "1661"]
[BlackElo "1263"]
[Opening "Ruy Lopez: Anderssen variation"]
[ECO "C77"]
[NIC "RL.12"]
[Time "16:01:29"]
[TimeControl "2700+10"]

1. e4 e5 2. Nf3 Nc6 3. Bb5 a6 4. Ba4 Nf6 5. d3 d6 6. c3 Be7 7. O-O O-O 8.
Nbd2 b5 9. Bb3 d5 10. exd5 Nxd5 11. Ne4 Be6 12. Ng3 a5 13. Re1 a4 14. Bc2
Bd6 15. h3 a3 16. Bb3 b4 17. c4 axb2 18. Bxb2 Nc3 19. Qc2 h6 20. a3 Nd4 21.
Nxd4 exd4 22. Bxc3 bxc3 23. a4 Qg5 24. Ne4 Qg6 25. h4 Be7 26. g3 Bxh4 27.
Nc5 Bh3 28. Kh2 Bf5 29. Ne4 Qh5 30. gxh4 Qxh4+ 31. Kg1 Bh3 32. f3 f5 33. Qf2
Qf4 34. Ng3 Rab8 35. Rab1 Qg5 36. f4 Qg6 37. c5+ Kh8 38. Re6 Qxe6 39. Bxe6
Rxb1+ 40. Kh2 Rb2 41. Ne2 Bg4 42. Qxd4 Rxe2+ 43. Kg1 Rxe6 44. Qxc3 Rfe8 45.
Qd4 Re1+ 46. Kf2 R8e2+ 47. Kg3 Rh1 48. Qd8+ Kh7 49. Qh4 Rg1# {White
checkmated} 0-1

[Event "ICC tourney 2008 (45 10)"]
[Site "Internet Chess Club"]
[Date "2020.09.19"]
[Round "3"]
[White "handsomematch"]
[Black "amdink"]
[Result "0-1"]
[ICCResult "White resigns"]
[WhiteElo "1199"]
[BlackElo "1241"]
[Opening "Ruy Lopez: 5.O-O"]
[ECO "C78"]
[NIC "RL.12"]
[Time "16:01:45"]
[TimeControl "2700+10"]

1. e4 e5 2. Nf3 Nc6 3. Bb5 a6 4. Ba4 Nf6 5. O-O b5 6. Bb3 Bc5 7. c3 O-O 8.
d4 exd4 9. cxd4 Bb6 10. d5 Ne7 11. e5 Ne4 12. Qd3 Nxf2 13. Rxf2 Bxf2+ 14.
Kxf2 Ng6 15. Bg5 Qe8 16. Qd4 c5 17. Qxc5 Nxe5 18. Qd4 Nxf3 19. Kxf3 h6 20.
Bf4 Qe1 21. Qd3 g5 22. Bg3 Qe7 23. Qd4 d6 24. Nc3 Bf5 25. Re1 Qd7 26. Ne4
Bxe4+ 27. Rxe4 Qf5+ 28. Bf4 Rfe8 29. g4 Rxe4 30. Qxe4 Qxe4+ 31. Kxe4 Re8+
32. Kf3 gxf4 33. Bc2 Re3+ 34. Kf2 a5 35. b3 Re5 36. Kf3 Rxd5 37. Kxf4 Rd2
38. Be4 Rxa2 {White resigns} 0-1

[Event "ICC tourney 2008 (45 10)"]
[Site "Internet Chess Club"]
[Date "2020.09.19"]
[Round "3"]
[White "mnm2"]
[Black "aakashjr"]
[Result "0-1"]
[ICCResult "White checkmated"]
[WhiteElo "1297"]
[BlackElo "1573"]
[Opening "Scandinavian defense"]
[ECO "B01"]
[NIC "SD.03"]
[Time "16:02:16"]
[TimeControl "2700+10"]

1. e4 d5 2. exd5 Nf6 3. Nc3 Nxd5 4. Bc4 e6 5. Nf3 Nxc3 6. dxc3 Qxd1+ 7. Kxd1
Nc6 8. Bf4 Bd6 9. Bxd6 cxd6 10. Ke2 d5 11. Bb5 Bd7 12. c4 a6 13. cxd5 exd5
14. Bd3 O-O-O 15. Kd2 Bg4 16. Rae1 Bxf3 17. gxf3 Rhe8 18. Re3 d4 19. Re4 Ne5
20. Be2 g5 21. h4 f5 22. Rxe5 Rxe5 23. hxg5 Rde8 24. Bd3 f4 25. Rxh7 Rxg5
26. Bf1 Rg1 27. Bh3+ Kb8 28. Kd3 Rd1+ 29. Kc4 Rd2 30. Bf5 Rxf2 31. Kxd4 Rxf3
32. Be4 Re3 33. Rxb7+ Kc8 34. Bc6 Rd8+ 35. Kc5 Re6 36. Rb6 Re5+ 37. Kb4 a5+
38. Kc4 Kc7 39. Ra6 Rd6 40. Bb5 Rxb5 41. Ra7+ Kb8 42. Rf7 Rxb2 43. Rxf4 Rb4+
44. Kc5 Rxf4 45. Kxd6 Rc4 46. Kd5 Rxc2 47. Kd4 Rxa2 48. Kc3 Ra3+ 49. Kb2 Rh3
50. Ka2 Kb7 51. Ka1 Rh2 52. Kb1 Kb6 53. Ka1 Kb5 54. Kb1 Kc4 55. Ka1 Kb3 56.
Kb1 Rh1# {White checkmated} 0-1

[Event "ICC tourney 2008 (45 10)"]
[Site "Internet Chess Club"]
[Date "2020.09.19"]
[Round "3"]
[White "QueenHM"]
[Black "SoaringHawk24"]
[Result "0-1"]
[ICCResult "White checkmated"]
[WhiteElo "1577"]
[BlackElo "1345"]
[Opening "French: Wing gambit"]
[ECO "C00"]
[NIC "FR.01"]
[Time "16:02:25"]
[TimeControl "2700+10"]

1. e4 e6 2. Nf3 d5 3. e5 c5 4. b4 cxb4 5. d4 Nc6 6. a3 bxa3 7. Bd3 Qb6 8.
Nxa3 Bb4+ 9. Bd2 Bxd2+ 10. Qxd2 Nge7 11. c3 a6 12. O-O O-O 13. Nb5 Bd7 14.
Nd6 Rab8 15. Ng5 h6 16. Bh7+ Kh8 17. Ndxf7+ Rxf7 18. Nxf7+ Kxh7 19. Qd3+ Ng6
20. Nd6 Ne7 21. h4 Bb5 22. c4 Bxc4 23. Nxc4 dxc4 24. Qxc4 Qc6 25. Qd3 Nf5
26. h5 Qxg2+ 27. Kxg2 Nf4+ 28. Kf3 Nxd3 29. Ke4 Nb4 30. d5 Nxd5 31. Rg1 Rd8
32. Rg6 Nc3+ 33. Kf4 Rd4+ 34. Kf3 Nh4+ 35. Ke3 Re4+ 36. Kd3 Nxg6 37. hxg6+
Kxg6 38. Kxc3 Rxe5 39. Kd4 Rb5 40. Re1 Kf6 41. Rc1 h5 42. Rc7 h4 43. Ke4 Rh5
44. Kf4 h3 45. Kg3 h2 46. Rxb7 h1=Q 47. Rf7+ Kxf7 48. f4 Rh3+ 49. Kg4 Qf3+
50. Kg5 Qg3# {White checkmated} 0-1

[Event "ICC tourney 2008 (45 10)"]
[Site "Internet Chess Club"]
[Date "2020.09.19"]
[Round "3"]
[White "SunnyDays0"]
[Black "TheMoffattMan"]
[Result "1-0"]
[ICCResult "Black resigns"]
[WhiteElo "1190"]
[BlackElo "1352"]
[Opening "Queen's bishop game"]
[ECO "D00"]
[NIC "QP.08"]
[Time "16:01:36"]
[TimeControl "2700+10"]

1. d4 d5 2. Bf4 Nf6 3. Nf3 g6 4. e3 Bg7 5. c4 c6 6. Nc3 O-O 7. Be2 b6 8. O-O
Bb7 9. c5 Nbd7 10. b4 a5 11. a3 b5 12. Ne5 Re8 13. Re1 a4 14. Bf3 Nxe5 15.
Bxe5 Nd7 16. Bxg7 Kxg7 17. e4 dxe4 18. Nxe4 Qc7 19. Qd2 Rad8 20. h4 Nf8 21.
h5 Ne6 22. hxg6 fxg6 23. Qc3 Nxd4 24. Rad1 e5 25. Nd6 Re7 26. Re4 Rf8 27.
Bg4 h5 28. Bh3 Rf4 29. Rdxd4 Rxe4 30. Rxe4 {Black resigns} 1-0

[Event "ICC tourney 2008 (45 10)"]
[Site "Internet Chess Club"]
[Date "2020.09.19"]
[Round "3"]
[White "kween26"]
[Black "stephenwilly"]
[Result "1-0"]
[ICCResult "Black checkmated"]
[WhiteElo "1380"]
[BlackElo "1322"]
[Opening "Robatsch defense: two knights variation"]
[ECO "B06"]
[NIC "KF.05"]
[Time "16:01:40"]
[TimeControl "2700+10"]

1. e4 g6 2. d4 Bg7 3. Nf3 d6 4. Nc3 h5 5. h3 e6 6. Be2 Ne7 7. Be3 Nbc6 8.
Qd2 d5 9. e5 Nf5 10. Bg5 Nce7 11. O-O-O Bh6 12. Bxh6 Nxh6 13. g4 c6 14. Rdg1
b5 15. Bd3 a5 16. gxh5 Nhf5 17. hxg6 Nxg6 18. Bxf5 exf5 19. Ng5 f4 20. e6
fxe6 21. Nxe6 Bxe6 22. Rxg6 Qd7 23. Re1 Kf7 24. Rgxe6 Qxe6 25. Rxe6 Kxe6 26.
Qxf4 Raf8 27. Qe5+ Kf7 28. Ne2 Re8 29. Qf5+ Kg7 30. Nf4 Rh6 31. Qd7+ Kf8 32.
Kd2 Rf6 33. Qg4 Re4 34. Qc8+ Re8 35. Qc7 Re7 36. Qd8+ Kf7 37. Nd3 Rfe6 38.
Ne5+ Kg7 39. Kd3 c5 40. c3 Rxe5 41. dxe5 Rxe5 42. Qc7+ Kf6 43. Qc6+ Kf5 44.
Qxc5 Kf4 45. Qd4+ Kf5 46. h4 Ke6 47. Qg4+ Rf5 48. h5 Ke5 49. Qg7+ Rf6 50. h6
Kf5 51. h7 Rg6 52. Qxg6+ Kxg6 53. h8=Q Kf5 54. Qd4 Ke6 55. f4 Kd6 56. f5 b4
57. f6 b3 58. axb3 a4 59. f7 a3 60. f8=Q+ Ke6 61. Qe3+ Kd7 62. Qee7+ Kc6 63.
Qff6+ Kb5 64. Qb7+ Kc5 65. Qfc6# {Black checkmated} 1-0

[Event "ICC tourney 2008 (45 10)"]
[Site "Internet Chess Club"]
[Date "2020.09.19"]
[Round "3"]
[White "wildrumpus"]
[Black "VirginiaGuy"]
[Result "0-1"]
[ICCResult "White checkmated"]
[WhiteElo "1430"]
[BlackElo "1527"]
[Opening "Queen's pawn: stonewall attack"]
[ECO "D00"]
[NIC "QP.08"]
[Time "16:03:05"]
[TimeControl "2700+10"]

1. d4 d5 2. e3 Nf6 3. Bd3 e6 4. Nd2 c5 5. c3 Nc6 6. f4 Be7 7. Ngf3 a6 8. O-O
b5 9. Ne5 Bb7 10. Qf3 Rc8 11. g4 O-O 12. g5 Nd7 13. Qh3 g6 14. Qh6 Ncxe5 15.
dxe5 Re8 16. Rf3 Bf8 17. Qh4 Bg7 18. Rh3 Nf8 19. Nf1 d4 20. e4 dxc3 21. bxc3
c4 22. Ba3 Qb6+ 23. Ne3 cxd3 24. Bxf8 Kxf8 25. f5 exf5 26. exf5 gxf5 27.
Qb4+ Qc5 28. Qxc5+ Rxc5 29. Nxf5 Rcxe5 30. Nd4 Rxg5+ 31. Kf2 Rg2+ 32. Kf1
Kg8 33. Rxd3 Rxh2 34. Rg3 Kf8 35. Rd1 Rh1+ 36. Rg1 Rxg1+ 37. Kxg1 Bxd4+ 38.
Rxd4 Re1+ 39. Kf2 Rc1 40. Ke3 Rxc3+ 41. Kf4 Rc4 42. Rxc4 bxc4 43. Ke3 Kg7
44. Kd4 h5 45. a4 h4 46. a5 h3 47. Kxc4 h2 48. Kc5 h1=Q 49. Kb6 Qc6+ 50. Ka7
f5 51. Kb8 f4 52. Ka7 f3 53. Kb8 f2 54. Ka7 f1=Q 55. Kb8 Qf8+ 56. Ka7 Qa8#
{White checkmated}
0-1

[Event "ICC tourney 2008 (45 10)"]
[Site "Internet Chess Club"]
[Date "2020.09.19"]
[Round "3"]
[White "shrey16ultimate"]
[Black "mnm1"]
[Result "1-0"]
[ICCResult "Black checkmated"]
[WhiteElo "1623"]
[BlackElo "1339"]
[Opening "Queen's pawn: London system"]
[ECO "A45"]
[NIC "QP.07"]
[Time "16:01:57"]
[TimeControl "2700+10"]

1. d4 Nf6 2. Bf4 d5 3. e3 Bf5 4. c4 e6 5. Nc3 a6 6. Qb3 b6 7. cxd5 exd5 8.
Qa4+ Bd7 9. Bb5 c6 10. Bd3 Be7 11. Nf3 Bg4 12. Bxb8 Qxb8 13. Nxd5 b5 14.
Nxf6+ Bxf6 15. Qd1 O-O 16. Rc1 Qd6 17. O-O Bd8 18. Be2 Bc7 19. g3 f6 20. Re1
Rfe8 21. Nd2 Bh3 22. Bf1 Bf5 23. Bg2 Bd7 24. Qc2 Ba5 25. Red1 Rac8 26. Nb3
Bb6 27. Nc5 Bxc5 28. Qxc5 Qxc5 29. Rxc5 Re6 30. Rdc1 b4 31. d5 Rd6 32. dxc6
Be6 33. c7 Rb6 34. Bd5 Bxd5 35. Rxd5 Kf7 36. Rd8 b3 37. a3 Rbb8 38. cxb8=Q
Rxc1+ 39. Kg2 Rc2 40. Qxb3+ Kg6 41. Qxc2+ f5 42. Qc6+ Kg5 43. h4+ Kg4 44.
Qf3# {Black checkmated} 1-0

[Event "ICC tourney 2008 (45 10)"]
[Site "Internet Chess Club"]
[Date "2020.09.19"]
[Round "3"]
[White "WizardY"]
[Black "geeleong"]
[Result "1/2-1/2"]
[ICCResult "Game drawn by mutual agreement"]
[WhiteElo "1448"]
[BlackElo "1637"]
[Opening "Scandinavian gambit"]
[ECO "B01"]
[NIC "SD.03"]
[Time "16:01:36"]
[TimeControl "2700+10"]

1. e4 d5 2. exd5 Nf6 3. c4 c6 4. dxc6 Nxc6 5. Nf3 Bg4 6. Be2 e6 7. Nc3 Be7
8. h3 Bh5 9. O-O O-O 10. a3 e5 11. d3 a6 12. Be3 Rb8 13. b4 Re8 14. b5 Bxf3
15. Bxf3 Nd4 16. Bxd4 Qxd4 17. Ne2 Qd7 18. a4 Red8 19. Nc1 e4 20. Be2 exd3
21. Nxd3 Ne4 22. Qc2 Bf6 23. Rad1 Qe7 24. Rfe1 Bc3 25. Rf1 Bd4 26. Bf3 Nc5
27. Nxc5 Bxc5 28. Rd5 Rxd5 29. Bxd5 axb5 30. axb5 b6 31. Qe4 Qxe4 32. Bxe4
Re8 33. Bf3 Rd8 34. Bd5 Kf8 35. Ra1 Re8 36. Ra7 Re7 37. Ra2 f6 38. Kh2 h6
39. g4 g5 40. h4 Re8 41. h5 Re7 {Game drawn by mutual agreement} 1/2-1/2

[Event "ICC tourney 2008 (45 10)"]
[Site "Internet Chess Club"]
[Date "2020.09.19"]
[Round "4"]
[White "Beast908"]
[Black "amdink"]
[Result "0-1"]
[ICCResult "White resigns"]
[WhiteElo "1360"]
[BlackElo "1240"]
[Opening "Giuoco Piano"]
[ECO "C54"]
[NIC "IG.02"]
[Time "18:32:52"]
[TimeControl "2700+10"]

1. e4 e5 2. Nf3 Nc6 3. Bc4 Bc5 4. c3 Nf6 5. d4 exd4 6. cxd4 Bb4+ 7. Bd2 Nxe4
8. Bxb4 Nxb4 9. Bxf7+ Kxf7 10. Qb3+ d5 11. Ne5+ Kg8 12. Qxb4 Qg5 13. O-O Bh3
14. g3 Bxf1 15. Kxf1 Rf8 16. Qxb7 Rxf2+ {White resigns} 0-1

[Event "ICC tourney 2008 (45 10)"]
[Site "Internet Chess Club"]
[Date "2020.09.19"]
[Round "4"]
[White "AdityaBang"]
[Black "QueenHM"]
[Result "1-0"]
[ICCResult "Black checkmated"]
[WhiteElo "1262"]
[BlackElo "1571"]
[Opening "Sicilian: Smith-Morra gambit"]
[ECO "B21"]
[NIC "SI.48"]
[Time "18:33:46"]
[TimeControl "2700+10"]

1. e4 c5 2. d4 cxd4 3. c4 dxc3 4. Nxc3 e6 5. Be3 Nc6 6. Nf3 Bb4 7. Bd3 Bxc3+
8. bxc3 Nf6 9. O-O O-O 10. Ng5 d5 11. e5 Nxe5 12. Bc2 Neg4 13. Bd4 e5 14.
Be3 Nxe3 15. fxe3 h6 16. Nf3 Bg4 17. Qb1 e4 18. Nd4 Rc8 19. Qe1 a6 20. h3
Bd7 21. Qg3 Rxc3 22. Bd1 Bb5 23. Rf4 Qb6 24. Nf5 g6 25. Nxh6+ Kh7 26. Qh4
Qxe3+ 27. Kh2 Kg7 28. Qxf6+ Kxh6 29. Rh4# {Black checkmated} 1-0

[Event "ICC tourney 2008 (45 10)"]
[Site "Internet Chess Club"]
[Date "2020.09.19"]
[Round "4"]
[White "SoaringHawk24"]
[Black "mnm2"]
[Result "1-0"]
[ICCResult "Black resigns"]
[WhiteElo "1328"]
[BlackElo "1284"]
[Opening "Sicilian"]
[ECO "B56"]
[NIC "SI.25"]
[Time "18:33:23"]
[TimeControl "2700+10"]

1. e4 c5 2. Nf3 d6 3. d4 cxd4 4. Nxd4 Nf6 5. Nc3 Nc6 6. Be3 Ng4 7. Nxc6 b6
8. Nxd8 Kxd8 9. Be2 Nxe3 10. fxe3 e6 11. O-O Ke8 12. Nb5 Kd7 13. Rxf7+ Be7
14. Qxd6+ {Black resigns} 1-0

[Event "ICC tourney 2008 (45 10)"]
[Site "Internet Chess Club"]
[Date "2020.09.19"]
[Round "4"]
[White "Chris0708"]
[Black "adinanda"]
[Result "0-1"]
[ICCResult "White checkmated"]
[WhiteElo "1252"]
[BlackElo "1313"]
[Opening "KP: Patzer opening"]
[ECO "C20"]
[NIC "KP.10"]
[Time "18:32:56"]
[TimeControl "2700+10"]

1. e4 e5 2. Qh5 Nc6 3. Bc4 g6 4. Qf3 Nf6 5. Ne2 Bg7 6. d3 O-O 7. Nbc3 d6 8.
h3 Na5 9. Bb3 Nxb3 10. axb3 Be6 11. Be3 c5 12. Nd5 a6 13. Nec3 b5 14. Bg5
Kh8 15. Nxf6 h6 16. Nh7 hxg5 17. Nxf8 Bxf8 18. Qg3 Be7 19. Nd5 Bf8 20. h4 g4
21. h5 Kg7 22. hxg6 Kxg6 23. f3 Bh6 24. fxg4 Bg5 25. Qh3 Bxd5 26. Qh7+ Kf6
27. Qf5+ Kg7 28. exd5 Bh4+ 29. Kd1 Qf6 30. Qh5 Bg5 31. Qh7+ Kf8 32. Qh8+ Ke7
33. Qxa8 Qf2 34. Qb7+ Kf6 35. Rf1 Qxf1# {White checkmated} 0-1

[Event "ICC tourney 2008 (45 10)"]
[Site "Internet Chess Club"]
[Date "2020.09.19"]
[Round "4"]
[White "TheMoffattMan"]
[Black "FlowingMelody"]
[Result "1-0"]
[ICCResult "Black resigns"]
[WhiteElo "1432"]
[BlackElo "1280"]
[Opening "Giuoco Piano: four knights variation"]
[ECO "C50"]
[NIC "IG.02"]
[Time "18:32:53"]
[TimeControl "2700+10"]

1. e4 e5 2. Nf3 Nc6 3. Bc4 Bc5 4. Nc3 Nf6 5. a3 a5 6. O-O O-O 7. Bb5 d6 8.
Bxc6 bxc6 9. h3 h6 10. d4 exd4 11. Nxd4 Re8 12. Re1 Bd7 13. Bf4 Rb8 14. b3
Bxd4 15. Qxd4 c5 16. Qd3 Bc6 17. e5 dxe5 18. Qxd8 Rbxd8 19. Bxe5 Rc8 20.
Bxf6 gxf6 21. Rad1 Re5 22. f4 Rxe1+ 23. Rxe1 Rd8 24. Ne4 Bxe4 25. Rxe4 Rd2
26. Rc4 Rd5 27. Kf2 Kg7 28. Ke3 Kg6 29. g4 f5 30. Ra4 fxg4 31. hxg4 h5 32.
gxh5+ Rxh5 33. Rxa5 Rh3+ 34. Ke4 Rc3 35. Kd5 Rxc2 36. Rxc5 Rxc5+ 37. Kxc5
Kf5 38. a4 Kxf4 39. a5 f5 40. a6 Kg3 41. a7 f4 42. a8=Q f3 43. Qg8+ Kf2 44.
Kc6 Ke1 45. Qg3+ f2 46. Qe3+ Kf1 47. Kxc7 Kg2 48. Qe2 Kg1 49. Qxf2+ Kxf2 50.
b4 Ke3 51. b5 Kd4 52. b6 Kc5 53. b7 {Black resigns} 1-0

[Event "ICC tourney 2008 (45 10)"]
[Site "Internet Chess Club"]
[Date "2020.09.19"]
[Round "4"]
[White "aakashjr"]
[Black "kween26"]
[Result "1-0"]
[ICCResult "Black resigns"]
[WhiteElo "1579"]
[BlackElo "1363"]
[Opening "two knights defense: Fritz variation"]
[ECO "C57"]
[NIC "KP.01"]
[Time "18:32:55"]
[TimeControl "2700+10"]

1. e4 e5 2. Nf3 Nc6 3. Bc4 Nf6 4. Ng5 d5 5. exd5 Nd4 6. d6 Qxd6 7. Bxf7+ Ke7
8. Bb3 Qc6 9. O-O h6 10. Nf7 Nxb3 11. Nxe5 Qd5 12. Ng6+ Kd8 13. axb3 Rg8 14.
Re1 Qg5 15. Ne5 Qh5 16. Qxh5 Nxh5 17. d4 Bd6 18. Bd2 Rf8 19. Nc3 Bd7 20.
Rad1 Nf6 21. Re2 a5 22. Rde1 Ra6 23. Ne4 Bxe5 24. dxe5 Nxe4 25. Rxe4 Bf5 26.
Rd4+ Ke7 27. b4 Rc6 28. bxa5 Rxc2 29. Bc3 Be6 30. f3 c5 31. Rd6 g5 32. Rb6
Bd5 33. Rxh6 b5 34. e6 g4 35. Rh7+ Ke8 36. e7 Rg8 37. Rh8 Rxh8 38. Bxh8 gxf3
39. gxf3 Bxf3 40. h4 Rg2+ 41. Kf1 Rg6 42. Re3 Bb7 43. Bc3 b4 44. Be1 Rg7 45.
Ke2 Ba6+ 46. Kf3 Rxe7 47. Rxe7+ Kxe7 48. Ke4 Ke6 49. h5 Bf1 50. h6 Bg2+ 51.
Kd3 Bf1+ 52. Ke4 Bg2+ 53. Kf4 Kf6 54. Bh4+ Kg6 55. Be7 b3 56. Bxc5 Kxh6 57.
Ke5 Bf1 58. Kd6 Kg5 59. Kc6 Kf4 60. Kb7 Ke4 61. a6 Bxa6+ 62. Kxa6 Kd3 63.
Ba3 Kc4 64. Kb6 Kd3 65. Kc5 Kc2 66. Kc4 Kd2 67. Kxb3 Kd3 68. Ka2 Kc4 69. b3+
Kb5 70. b4 Ka4 71. Kb2 Kb5 72. Kc3 Kc6 73. Kc4 Kb6 74. b5 Kc7 75. Kc5 Kb7
76. b6 Kc8 77. Kc6 Kb8 {Black resigns} 1-0

[Event "ICC tourney 2008 (45 10)"]
[Site "Internet Chess Club"]
[Date "2020.09.19"]
[Round "4"]
[White "mnm1"]
[Black "stephenwilly"]
[Result "1-0"]
[ICCResult "Black checkmated"]
[WhiteElo "1360"]
[BlackElo "1321"]
[Opening "Scotch game"]
[ECO "C45"]
[NIC "SO.05"]
[Time "18:32:52"]
[TimeControl "2700+10"]

1. e4 e5 2. Nf3 Nc6 3. d4 exd4 4. Nxd4 Bc5 5. Be3 Bb6 6. Bc4 Nf6 7. Nc3 O-O
8. O-O Re8 9. f3 d6 10. Bb3 Be6 11. Re1 Nxd4 12. Bxd4 c5 13. Bf2 c4 14. Ba4
Bxf2+ 15. Kxf2 Qb6+ 16. Kf1 Red8 17. Qd2 d5 18. e5 Ne8 19. Bxe8 Rxe8 20. b3
Red8 21. Rad1 d4 22. Ne4 d3 23. bxc4 Bxc4 24. c3 Rac8 25. Nd6 Rxd6 26. exd6
Qxd6 27. Kg1 h6 28. Re4 Qg6 29. Rde1 Bd5 30. Re8+ Rxe8 31. Rxe8+ Kh7 32. Re3
Qb6 33. Qxd3+ g6 34. a4 Bc4 35. Qd4 Qb1+ 36. Kf2 Qa2+ 37. Kg3 Bf1 38. Re8
Qxg2+ 39. Kf4 Qg5+ 40. Ke4 f5+ 41. Kd5 f4+ 42. Qe5 Qxe5+ 43. Rxe5 g5 44.
Re7+ Kg6 45. Rxb7 a6 46. c4 Bg2 47. Ke4 g4 48. Rb6+ Kg5 49. Rb3 gxf3 50.
Rxf3 Kg4 51. h3+ Kg5 52. c5 Bxf3+ 53. Kxf3 Kf6 54. Kxf4 Ke6 55. Ke4 Kd7 56.
Kd5 Kc7 57. a5 Kd7 58. c6+ Kc7 59. Kc5 h5 60. h4 Kc8 61. Kb6 Kb8 62. Kxa6
Ka8 63. Kb6 Kb8 64. a6 Ka8 65. Kc7 Ka7 66. Kd8 Kb8 67. c7+ Ka7 68. c8=Q Kb6
69. Qb7+ Ka5 70. a7 Ka4 71. a8=Q# {Black checkmated} 1-0

[Event "ICC tourney 2008 (45 10)"]
[Site "Internet Chess Club"]
[Date "2020.09.19"]
[Round "4"]
[White "geeleong"]
[Black "VirginiaGuy"]
[Result "1/2-1/2"]
[ICCResult "Game drawn by mutual agreement"]
[WhiteElo "1642"]
[BlackElo "1518"]
[Opening "Queen's pawn game"]
[ECO "D00"]
[NIC "QP.08"]
[Time "18:32:55"]
[TimeControl "2700+10"]

1. d4 d5 2. e3 Nf6 3. b3 Bf5 4. Bd3 Bxd3 5. cxd3 e6 6. Nf3 c5 7. dxc5 Bxc5
8. O-O O-O 9. Bb2 Nc6 10. Nc3 Rc8 11. a3 Be7 12. Qe2 Qb6 13. b4 a6 14. Rac1
Rfe8 15. Rc2 Bd6 16. Rfc1 Rcd8 17. Na4 Qb5 18. Nc5 Nb8 19. Nd4 Qb6 20. Na4
Qa7 21. f4 Nbd7 22. Nb3 Qb8 23. Nac5 Rc8 24. g3 Bc7 25. e4 Nxc5 26. Nxc5 Bb6
27. Kg2 dxe4 28. dxe4 Bxc5 29. Rxc5 Rxc5 30. Rxc5 Nd7 31. Rc3 Rc8 32. Rd3
Qc7 33. Qd2 Nb6 34. Be5 Qe7 35. Bd6 Qe8 36. Bc5 Na4 37. Bd6
{Game drawn by mutual agreement}
1/2-1/2

[Event "ICC tourney 2008 (45 10)"]
[Site "Internet Chess Club"]
[Date "2020.09.19"]
[Round "4"]
[White "GPWKnight"]
[Black "wildrumpus"]
[Result "1-0"]
[ICCResult "Black resigns"]
[WhiteElo "1607"]
[BlackElo "1435"]
[Opening "Caro-Kann: advance variation"]
[ECO "B12"]
[NIC "CK.04"]
[Time "18:32:53"]
[TimeControl "2700+10"]

1. e4 c6 2. d4 d5 3. e5 Bf5 4. Nd2 Nd7 5. Nb3 e6 6. Be3 Qb6 7. Ne2 Ne7 8. c3
Bg6 9. Ng3 h5 10. h4 Nf5 11. Nxf5 Bxf5 12. Bd3 Bxd3 13. Qxd3 c5 14. dxc5
Nxc5 15. Nxc5 Bxc5 16. Bxc5 Qxc5 17. O-O Rc8 18. Rad1 Qa5 19. a3 Qb6 20. Rd2
Rc4 21. g3 Rh6 22. Kg2 Rg6 23. Kh3 Qc7 24. Re1 Qb6 25. Red1 a5 26. Qe2 Rh6
27. Rd4 Rxd4 28. Rxd4 Ke7 29. Qd2 Qc7 30. Qg5+ Kf8 31. c4 Rg6 32. Qxh5 Ke7
33. cxd5 exd5 34. Qe2 Qc6 35. Qd2 Ke6 36. f4 f5 37. exf6 gxf6 38. Qe2+ Kf7
39. f5 Rg7 40. Qd2 Qc7 41. Qe3 Qd7 42. g4 Rg8 43. Qd3 Rd8 44. Qe3 Re8 45.
Qf3 Re5 46. Rd3 d4 47. Rb3 b5 48. Rd3 b4 49. axb4 axb4 50. b3 Qd6 51. Qf2
Rd5 52. Qf3 Re5 53. g5 fxg5 54. Qh5+ Kf8 55. Qxg5 Re2 56. Qg3 Qxg3+ 57. Kxg3
Re3+ 58. Rxe3 dxe3 59. Kf3 e2 60. Kxe2 Kf7 61. Kf3 Kf6 62. Kf4 Kg7 63. Kg5
Kf7 64. h5 Kg7 65. h6+ Kg8 66. Kf6 Kh7 67. Ke7 Kxh6 68. f6 Kh7 69. f7 Kg6
70. f8=Q Kh7 71. Qf1 Kg6 72. Qf6+ Kh7 73. Qg5 Kh8 74. Kf7 {Black resigns}
1-0

[Event "ICC tourney 2008 (45 10)"]
[Site "Internet Chess Club"]
[Date "2020.09.19"]
[Round "4"]
[White "SunnyDays0"]
[Black "shrey16ultimate"]
[Result "1-0"]
[ICCResult "Black resigns"]
[WhiteElo "1224"]
[BlackElo "1601"]
[Opening "Queen's bishop game"]
[ECO "D02"]
[NIC "QP.06"]
[Time "18:32:50"]
[TimeControl "2700+10"]

1. d4 Nf6 2. Nf3 d5 3. Bf4 Bf5 4. e3 e6 5. Bd3 Bg6 6. Ne5 c5 7. Nxg6 hxg6 8.
c3 Nc6 9. Nd2 Qb6 10. b3 Rc8 11. Rc1 Be7 12. O-O O-O 13. Nf3 cxd4 14. exd4
Bd8 15. Ne5 Bc7 16. Re1 Rfd8 17. Bg5 Rf8 18. Bxf6 gxf6 19. Nd7 Qa5 20. Nxf8
Rxf8 21. a4 a6 22. Re3 Bf4 23. Rh3 Bxc1 24. Qxc1 g5 25. Qd1 Rd8 26. Qf3 f5
27. Qh5 Kf8 28. Qxg5 Ke8 29. Rh8+ Kd7 30. Rh7 Rf8 31. Qc1 Qc7 32. b4 Nxb4
33. Qa3 Nxd3 34. Qxf8 Kc6 35. Rxf7 Qf4 36. Qc8+ Kb6 37. Rxb7+ Ka5 38. Qc7+
Qxc7 39. Rxc7 Kxa4 40. Rb7 Nf4 41. g3 Ne2+ 42. Kg2 Nxc3 43. h4 Nb5 44. h5
Nxd4 45. h6 f4 46. gxf4 Nf5 47. h7 Nh4+ 48. Kg3 Ng6 49. Rg7 Nh8 50. Re7 Kb4
51. Rxe6 a5 52. Kh2 a4 53. Ra6 d4 54. Kg1 a3 55. Kf1 Kb3 56. Ke2 a2 57. Kd3
Kb2 58. Kxd4 Nf7 59. f5 a1=Q 60. Rxa1 Kxa1 61. Kd5 Kb2 62. f4 Kc3 63. Ke6
Nh8 64. Kf6 Kd4 65. Kg7 Ke4 66. Kxh8 Kxf5 67. Kg7 Kxf4 68. h8=Q Ke5 69. Qf8
Ke4 70. Qf6 Kd5 71. Qe7 Kd4 72. Qe6 Kc5 73. Qd7 Kc4 74. Qd6 Kb5 75. Qc7 Kb4
76. Qc6 Kb3 77. Qc5 Kb2 78. Qc4 Ka1 79. Qe2 Kb1 80. Kf6 Kc1 81. Ke5 Kb1 82.
Kd4 Ka1 83. Kc3 {Black resigns} 1-0